 Dungeon Crawl Stone Soup version 0.26.0-10-g1f06aea511 (webtiles) character file.

Game seed: 5566333685400034955

5254 Borgoz the Nimble (level 10, 0/86 HPs)
             Began as a Ghoul Gladiator on Feb 1, 2021.
             Was a Priest of Dithmenos.
             Killed from afar by a starcursed mass (6 damage)
             ... with an accursed screaming
             ... on level 1 of the Abyss.
             The game lasted 00:16:27 (9467 turns).

Borgoz the Nimble (Ghoul Gladiator)                 Turns: 9467, Time: 00:16:28

Health: 0/86       AC: 11    Str: 19    XL:     10   Next: 62%
Magic:  9/9        EV: 17    Int:  3    God:    Dithmenos [***...]
Gold:   598        SH:  0    Dex: 13    Spells: 9/9 levels left

rFire    + . .     SeeInvis .   a - +3 long sword
rCold    + . .     Faith    .   (no shield)
rNeg     + + +     Spirit   .   u - +3 leather armour {rF+}
rPois    ∞         Reflect  .   n - +2 hat
rElec    .         Harm     .   o - scarf {repulsion}
rCorr    .         Rampage  .   p - +1 pair of gloves
Will     .....                  (no boots)
Stlth    +.........             t - amulet of the acrobat
HPRegen  0.00/turn              (no ring)
MPRegen  0.11/turn              (no ring)

@: mighty, very slightly contaminated, wreathed by umbra, repel missiles
A: claws 1, cold resistance 1, negative energy resistance 3, inhibited
regeneration, torment resistance, unbreathing
a: Renounce Religion, Shadow Step


You were on level 1 of the Abyss.
You worshipped Dithmenos.
Dithmenos was most pleased with you.
You visited 2 branches of the dungeon, and saw 12 of its levels.
You visited the Abyss 1 time.

You collected 598 gold pieces.

Inventory:

Hand Weapons
 a - a +3 long sword (weapon)
 b - a +4 rapier of draining
Armour
 n - a +2 hat (worn)
 o - a scarf of repulsion (worn)
 p - a +1 pair of gloves (worn)
 u - a +3 leather armour of fire resistance (worn)
Jewellery
 l - an uncursed ring of ice
 t - an amulet of the acrobat (around neck)
Wands
 d - a wand of digging (4)
 s - a wand of iceblast (8)
 z - a wand of flame (20)
 D - a wand of disintegration (14)
Scrolls
 e - 10 scrolls of remove curse
 f - 2 scrolls of fear
 g - 2 scrolls of teleportation
 h - a scroll of fog
 j - a scroll of identify
 m - 2 scrolls of blinking
 v - 2 scrolls of enchant weapon
 w - 2 scrolls of magic mapping
 y - a scroll of enchant armour
Potions
 c - a potion of cancellation {unknown}
 i - a potion of brilliance
 k - a potion of ambrosia
 q - a potion of might
 A - a potion of curing
 B - a potion of attraction
 E - a potion of resistance


   Skills:
 + Level 7.1 Fighting
 * Level 8.7 Long Blades
 - Level 1.7 Throwing
 + Level 5.5 Armour
 * Level 8.7 Dodging


You had 9 spell levels left.
You didn't know any spells.
Your spell library contained the following spells:

 Spells                   Type           Power        Failure   Level
 Corona                   Hex            0%           56%         1
 Sandblast                Erth           0%           56%         1
 Ensorcelled Hibernation  Hex/Ice        0%           71%         2
 Passwall                 Tmut/Erth      0%           71%         2
 Confusing Touch          Hex            0%           91%         3
 Dazzling Flash           Conj/Hex       0%           91%         3
 Stone Arrow              Conj/Erth      0%           91%         3
 Tukima's Dance           Hex            0%           91%         3
 Petrify                  Tmut/Erth      0%           100%        4
 Lee's Rapid Deconstruct  Erth           0%           100%        5


Dungeon Overview and Level Annotations

Branches:
Dungeon (11/15)            Temple (1/1) D:5             Orc (0/2) D:11
   Lair: D:8-11

Altars:
Ashenzari
Cheibriados
Dithmenos
Elyvilon
Fedhas
Gozag
Hepliaklqana
Kikubaaqudgha
Makhleb
Nemelex Xobeh
Okawaru
Qazlal
Ru
Sif Muna
Trog
Uskayaw
Vehumet
Wu Jian
Xom
Yredelemnul
Zin
The Shining One

Shops:
D:7 =

Annotations:
D:7 2 transporters
D:10 Erolcha


Innate Abilities, Weirdness & Mutations

You thrive by killing the living.
You are immune to poison.
You have sharp fingernails.
Your flesh is cold resistant. (rC+)
You are immune to negative energy. (rN+++)
You do not regenerate when monsters are visible.
You are immune to unholy pain and torment.
You can survive without breathing.


Message History

You feel yourself slow down.
Found 21 stones.
Found 41 gold pieces.
Found a gateway leading out of the Abyss.
You flicker for a moment.
A starcursed mass splits.
Found a shiny chain mail.
A chorus of shrieks assaults your mind.
* * * LOW HITPOINT WARNING * * *
You see here 41 gold pieces.
You now have 598 gold pieces (gained 41).
A chorus of shrieks assaults your mind.
* * * LOW HITPOINT WARNING * * *
Blink to where?
Press: ? - help, Dir - move target
As you read the scroll of blinking, it crumbles to dust.
A wight comes into view. It is wielding a +2 flail.
You flicker back into view.
A chorus of shrieks assaults your mind.
You die...

. ##. ... #.# ..#
..#. #... .
###.##... ... ##
##....##..#.##..#
...###@#.# ## ##
# ..#....#.#
#.##.X.###...
#...(...# ##.
#.#...X..# . ..
#z.....#
....#§.#..###.#
.#.#§...#.§..#
##...##..##...[.#


You could see 2 starcursed masses and a wight.

Vanquished Creatures
  Pikel (D:5)
  A deep elf mage (D:8)
  Maurice (D:9)
  2 humans (D:7)
  Eustachio (D:5)
  A basilisk (D:9)
  An orc warrior (D:8)
  4 ice beasts
  A sky beast (D:6)
  A phantom (D:6)
  A necrophage (D:8)
  4 ogres
  3 centaurs
  5 bullfrogs
  A big kobold (D:7)
  A scorpion (D:8)
  7 wights
  A howler monkey (D:7)
  A bullfrog zombie (D:6)
  A centaur zombie (D:5)
  A quasit (D:5)
  3 orc priests
  9 hounds
  4 orc wizards
  2 bullfrog skeletons
  7 iguanas
  Ijyb (D:5)
  9 worker ants
  A hound skeleton (D:5)
  A howler monkey zombie (D:9)
  2 howler monkey skeletons (D:6)
  13 adders
  4 gnolls (D:2)
  3 shadow imps
  3 white imps
  2 ufetubi (D:5)
  2 adder skeletons
  4 worms
  3 dart slugs
  9 leopard geckos
  22 orcs
  3 ball pythons
  5 giant cockroaches
  8 goblins
  5 hobgoblins
  3 jackals (D:1)
  12 kobolds
  2 quokkas
  10 bats
  7 frilled lizards
  A giant cockroach zombie (D:5)
  A jackal skeleton (D:5)
  A jackal zombie (D:6)
  A quokka zombie (D:5)
  6 rats
209 creatures vanquished.

Vanquished Creatures (others)
  A wight (D:9)
  A plant (D:8)
2 creatures vanquished.

Grand Total: 211 creatures vanquished

Notes
Turn   | Place    | Note
-------+----------+-------------------------------------------
     0 | D:1      | Borgoz the Ghoul Gladiator began the quest for the Orb.
     0 | D:1      | Reached XP level 1. HP: 17/17 MP: 0/0
   224 | D:1      | Reached XP level 2. HP: 24/24 MP: 1/1
   819 | D:2      | Reached XP level 3. HP: 29/30 MP: 2/2
  1540 | D:2      | Found a glowing golden altar of the Shining One.
  1621 | D:2      | Reached skill level 1 in Armour
  1623 | D:2      | Reached XP level 4. HP: 12/37 MP: 3/3
  2487 | D:3      | Reached XP level 5. HP: 19/45 MP: 4/4
  2489 | D:3      | HP: 1/45 [orc/+0 war axe (2)]
  2854 | D:3      | Found a snail-covered altar of Cheibriados.
  3346 | D:3      | Reached XP level 6. HP: 36/51 MP: 5/5
  3468 | D:4      | Found a shimmering altar of Xom.
  3470 | D:4      | Found a shimmering altar of Xom.
  3471 | D:4      | Found a shimmering altar of Xom.
  4124 | D:4      | Reached XP level 7. HP: 38/58 MP: 6/6
  4305 | D:4      | Found an ancient bone altar of Kikubaaqudgha.
  4571 | D:5      | Entered Level 5 of the Dungeon
  4576 | D:5      | Noticed Eustachio
  4612 | D:5      | Killed Eustachio
  4613 | D:5      | Reached skill level 5 in Long Blades
  4613 | D:5      | Reached skill level 5 in Dodging
  4718 | D:5      | Noticed Ijyb
  4733 | D:5      | Killed Ijyb
  4845 | D:5      | Noticed Pikel
  4889 | D:5      | Killed Pikel
  4890 | D:5      | Reached XP level 8. HP: 38/67 MP: 7/7
  5128 | D:5      | Reached skill level 5 in Fighting
  5254 | D:5      | Found a staircase to the Ecumenical Temple.
  5446 | Temple   | Entered the Ecumenical Temple
  5476 | Temple   | Became a worshipper of Dithmenos the Shadowed
  5954 | D:6      | Reached XP level 9. HP: 72/74 MP: 8/8
  6438 | D:6      | Found a radiant altar of Vehumet.
  6556 | D:6      | Reached * piety under Dithmenos
  6881 | D:7      | Found Koafoteq's Jewellery Shop.
  6916 | D:7      | Found an iron altar of Okawaru.
  7076 | D:7      | Found a blossoming altar of Fedhas.
  7457 | D:7      | Found a transporter.
  7545 | D:7      | Found a transporter.
  7891 | D:7      | Found an ornate altar of the Wu Jian Council.
  8061 | D:8      | Reached ** piety under Dithmenos
  8089 | D:8      | Found a basalt altar of Yredelemnul.
  8152 | D:8      | Reached XP level 10. HP: 84/84 MP: 9/9
  8230 | D:8      | Noticed a deep elf mage
  8240 | D:8      | Killed a deep elf mage
  8241 | D:8      | Reached skill level 5 in Armour
  8330 | D:8      | Found a broken altar of Ashenzari.
  8877 | D:9      | Noticed Maurice
  8915 | D:9      | Killed Maurice
  9385 | D:9      | Reached *** piety under Dithmenos
  9393 | D:9      | You fall into a shaft and drop 1 floor!
  9393 | D:10     | Entered Level 10 of the Dungeon
  9393 | D:10     | Noticed Erolcha
  9419 | D:11     | Found a staircase to the Orcish Mines.
  9423 | D:10     | Cast into level 1 of the Abyss (Erolcha)
  9463 | Abyss:1  | Noticed a starcursed mass
  9467 | Abyss:1  | Killed from afar by a starcursed mass

Illustrated notes

Levels and vault maps discovered:
D:1:      grunt_arrival_lava_bath, layout_loops_corners,
          hangedman_decor_peaks_small
D:2:      layout_basic, nicolae_tso_swordbearing_angel
D:3:      layout_rooms, overflow_temple_1_default, serial_park_tiny_2
D:4:      layout_basic, kiku_gazebo_garden_becter, xom_redecorated
D:5:      layout_loops_ring, minmay_temple_entry_junction_2,
          grunt_ministairs_12, uniq_ijyb, uniq_eustachio, uniq_pikel
D:6:      layout_rooms, lemuel_crystal_altar
D:7:      gammafunk_cloud_chamber, layout_loops_ring, okawaru_humans,
          kennysheep_little_box, nzn_wu_jian_council_hall, serial_shops, shop
D:8:      minmay_weird_star, layout_cave_pools, nicolae_overflow_hidden_temple,
          lemuel_doored_altar
D:9:      layout_gridville, ebering_ghost_inner_flame, grunt_decor_cap,
          minmay_chambers_of_fives, uniq_maurice
D:10:     layout_cave_pods, lair_entry_dummy, chequers_serial_rivers_micro_c,
          uniq_erolcha
D:11:     layout_gridville, david_orc_3, minmay_fire_ice_demons
Temple:   nicolae_temple_no_exploring_needed
Abyss:1:  base:
D:7

Skill      XL: |  1  2  3  4  5  6  7  8  9 10 |
---------------+-------------------------------+-----
Long Blades    | 3 4 5 6 7 8 |  8.7
Dodging        | 3 4 5 6 7 8 |  8.7
Armour         | 1 2 3 4 5 |  5.5
Fighting       | 3 4 5 6 7 |  7.1
Throwing       | |  1.7

Action                   |  1- 3 |  4- 6 |  7- 9 | 10-12 || total
-------------------------+-------+-------+-------+-------++-------
Melee: Long sword        |    99 |   260 |   280 |   143 ||   782
       Rapier            |       |       |   176 |       ||   176
Throw: Throwing net      |       |     4 |     1 |       ||     5
Evoke: Wand              |       |       |       |     1 ||     1
  Use: Scroll            |     1 |     1 |    12 |     3 ||    17
       Potion            |       |     2 |     7 |     8 ||    17
 Stab: Held in net/web   |       |     1 |     1 |       ||     2
       Invisible         |       |       |       |     6 ||     6
Armor: Leather armour    |    28 |    43 |   137 |    27 ||   235
       Ring mail         |       |    43 |    52 |       ||    95
Dodge: Dodged            |    76 |   216 |   399 |   160 ||   851
       Repelled          |       |       |       |     3 ||     3
       Rpst.: Long sword |    16 |    67 |    76 |    52 ||   211
